 Dungeon Crawl Stone Soup version 0.21-a0-81-gc5150db (webtiles) character file.

50 HAL9000 the Sneak (level 3, 0/18 HPs)
             Began as a Vine Stalker Assassin on June 23, 2017.
             Succumbed to an adder's poison
             ... on level 1 of the Dungeon.
             The game lasted 00:01:52 (1201 turns).

HAL9000 the Sneak (Vine Stalker Assassin)           Turns: 1201, Time: 00:01:53

Health: 0/18       AC:  3    Str: 14    XL:     3   Next: 79%
Magic:  3/4        EV: 11    Int: 11    God:
Gold:   98         SH:  0    Dex: 15    Spells: 2/2 levels left

rFire    . . .     SeeInvis .   a - +2 dagger
rCold    . . .     Gourm    .   (no shield)
rNeg     . . .     Faith    .   c - +0 robe
rPois    .         Spirit   +   (no helmet)
rElec    .         Reflect  .   d - +0 cloak
rCorr    .         Harm     .   (no gloves)
MR       .....                  (no boots)
Stlth    +++.......             (no amulet)
HPRegen  0.06/turn              (no ring)
MPRegen  0.09/turn              (no ring)

@: lethally poisoned (0 -> -2), flying, very slightly contaminated, invisible
A: fangs 2, magic shield, antimagic bite, no potion heal 3, rot immunity
a: no special abilities


You were on level 1 of the Dungeon.
You were not hungry.

You visited 1 branch of the dungeon, and saw 1 of its levels.

You collected 98 gold pieces.

Inventory:

Hand Weapons
 a - a +2 dagger (weapon)
 b - a +0 blowgun
Missiles
 e - 8 poisoned needles
 f - 2 curare-tipped needles
Armour
 c - a +0 robe (worn)
 d - a +0 cloak (worn)
 p - a +2 large shield
Scrolls
 h - a scroll of fog {unknown}
 i - a scroll of enchant armour {unknown}
 n - a scroll of immolation {unknown}
 o - a scroll of identify {unknown}
Comestibles
 g - 2 bread rations
 j - 2 royal jellies
 q - 4 chunks of flesh


   Skills:
 - Level 1.7 Fighting
 + Level 3.6 Short Blades
 - Level 1.7 Throwing
 - Level 0.7 Dodging
 - Level 4.8 Stealth


You had 2 spell levels left.
You didn't know any spells.

Dungeon Overview and Level Annotations

Branches:
Dungeon (1/15)

Altars:


Innate Abilities, Weirdness & Mutations

You have extremely sharp teeth.
When hurt, damage is shared between your health and your magic reserves.
Your bite disrupts and absorbs the magic of your enemies.
Potions cannot restore your health.
You are immune to rotting.


Message History

The ooze hits you.
* * * LOW HITPOINT WARNING * * *
A frilled lizard comes into view.
The frilled lizard hisses angrily.
You hit the ooze.
The ooze is severely wounded.
* * * LOW HITPOINT WARNING * * *
You feel sick. The ooze barely misses you.
Unknown command.
It was a potion of flight.
You feel very buoyant.
You fly up into the air.
The ooze misses you.
It was a potion of invisibility.
You fade into invisibility!
* * * LOW HITPOINT WARNING * * *
You feel sick. The ooze closely misses you.
You are very lightly contaminated with residual magic.
You hit the ooze.
You kill the ooze!
You die...

......).#########.............#
#..#....## #####......##....##
#.###..#.# #.......######.#.#
.## ##.#.# #.....## ###.####
#.###.##.# #...## #.....#
#..#.###.# ##'## #..##.#
#.#.####.# #.# #..##>#
#........# #l# #..##.#
###.######## ##@## #..##.# #
#........# ##...#### #.###.#
###..#####.# #.....#.## #.....#
#...#####.####...#...## #.#####
#.....................####.#
#...#####.########.........#
###.......# ##.########
######### ###


You could see a frilled lizard.

Vanquished Creatures
  An adder (D:1)
  An ooze (D:1)
  2 dart slugs (D:1)
  A leopard gecko (D:1)
  A giant cockroach (D:1)
  6 goblins (D:1)
  3 hobgoblins (D:1)
  3 kobolds (D:1)
  8 bats (D:1)
  2 frilled lizards (D:1)
  3 rats (D:1)
31 creatures vanquished.

Notes
Turn   | Place    | Note
-------+----------+-------------------------------------------
     0 | D:1      | HAL9000 the Vine Stalker Assassin began the quest for the Orb.
     0 | D:1      | Reached XP level 1. HP: 11/11 MP: 2/2
   380 | D:1      | Reached XP level 2. HP: 15/15 MP: 3/3
   831 | D:1      | Reached XP level 3. HP: 16/18 MP: 4/4
  1201 | D:1      | Succumbed to an adder's poison

Vault maps used:
D:1:      dpeg_arrival_rooms_b

Skill      XL: |  1  2 |
---------------+-------+-----
Short Blades   | 2 3 |  3.6
Fighting       | |  1.7
Throwing       | |  1.7
Dodging        | |  0.7
Stealth        | |  4.8

Action                   || total
-------------------------++-------
Melee: Dagger            ||    98
       Bite              ||    27
  Use: Potion            ||     2
 Stab: Sleeping          ||     8
  Eat: Chunk             ||     1
Armor: Robe              ||    34
Dodge: Dodged            ||    52
